 Dungeon Crawl Stone Soup version 0.15.2 (webtiles) character file.

200 HopeRidesAlone the Insei (level 5, -2/41 HPs)
             Began as a Mummy Monk on Nov 2, 2015.
             Killed from afar by Sigmund (12 damage)
             ... with a puff of flame
             ... on Level 3 of the Dungeon.
             The game lasted 00:08:32 (3951 turns).

HopeRidesAlone the Insei (Mummy Monk)               Turns: 3951, Time: 00:08:32

HP  -2/41        AC  4     Str 14      XL: 5   Next: 48%
MP   5/5         EV 12     Int  9      God:
Gold 122         SH  0     Dex 15      Spells:  0 memorised,  4 levels left

rFire  x . .     SeeInvis .       - Unarmed
rCold  + . .     Clarity  .     j - +0 leather armour (curse)
rNeg   + + +     rCorr    .     (no shield)
rPois  +         rRot     +     (no helmet)
rElec  .         Spirit   .     (no cloak)
SustAb .         Warding  .     (no gloves)
rMut   .         Stasis   .     b - +0 pair of boots
Gourm  .                        (no amulet)
MR     .....                    (no ring)
                                (no ring)

@: not resistant to hostile enchantments, unstealthy
A: no food or potions, fire vulnerability, restore body, cold resistance 1,
negative energy resistance 3, poison resistance, torment resistance, unbreathing
a: no special abilities


You were on level 3 of the Dungeon.
You were not hungry.

You visited 1 branch of the dungeon, and saw 3 of its levels.

You collected 122 gold pieces.


Innate Abilities, Weirdness & Mutations

You do not eat or drink.
Your flesh is vulnerable to fire.
Your flesh is cold resistant.
You are immune to negative energy.
Your system is resistant to poisons.
You are immune to unholy pain and torment.
You can survive without breathing.


   Skills:
 - Level 3.0 Fighting
 - Level 2.4 Dodging
 - Level 1.5 Stealth
 + Level 5.6 Unarmed Combat


You had 4 spell levels left.
You didn't know any spells.

Inventory:

Missiles
 g - 35 poisoned needles (quivered)
Armour
 a - a +0 robe
 b - a +0 pair of boots (worn)
 j - a cursed +0 leather armour (worn)
Scrolls
 c - a scroll of fog {unknown}
 d - a scroll of amnesia {unknown}
 e - 5 scrolls of remove curse {unknown}
 f - a scroll of random uselessness {unknown}
 h - 3 scrolls of identify {unknown}
 i - 2 scrolls of blinking {unknown}
 k - a scroll of magic mapping {unknown}

Dungeon Overview and Level Annotations

Branches:
Dungeon (3/15)

Altars:
Ashenzari

Annotations:
D:3 Sigmund

#...# #.........
#...# #.........
#...####.........
#.(...##..........
###%..# #'#
#...###.######
###...#........#
#.'...'........#
#M#...#........#
#.#...#........#
#.#...#........#
#.#...#........
#.############ #.#
#.# #.# #.#


There were no monsters in sight!


Message History

Sigmund is almost dead.
You hit Sigmund.
Sigmund is almost dead.
Sigmund hits you with a scythe!
* * * LOW HITPOINT WARNING * * *
You are too injured to fight recklessly!
You are too injured to fight recklessly!
You are too injured to fight recklessly!
You hit Sigmund.
Sigmund is almost dead.
You hit Sigmund but do no damage.
Sigmund is almost dead.
Sigmund hits you but does no damage.
You closely miss Sigmund.
Sigmund is almost dead.
Sigmund hits you with a scythe.
* * * LOW HITPOINT WARNING * * *
You closely miss Sigmund.
Sigmund is almost dead.
You closely miss Sigmund.
Sigmund is almost dead.
Sigmund mumbles some strange words.
Sigmund flickers and vanishes!
Deactivating autopickup; reactivate with Ctrl-A.
You miss something. Something hits you but does no damage.
You closely miss something. You miss something.
You hear some strange, mumbled words.
The puff of flame hits you! The fire burns you terribly!
You die...

Action                   |  1- 3 |  4- 6 || total
-------------------------+-------+-------++-------
Melee: Unarmed           |   181 |   178 ||   359
 Stab: Sleeping          |     1 |     1 ||     2

Vault maps used:
D:1:      dpeg_arrival_simpleton_c, serial_bayou, serial_bayou_lake_a,
          serial_bayou_crossing, serial_bayou_lagoon_a, serial_bayou_ford_a,
          serial_bayou_pond_d, st_stairs_11
D:2:      lemuel_old_faithful, uniq_terence
D:3:      ashenzari_altar_1, uniq_sigmund

Notes
Turn   | Place    | Note
--------------------------------------------------------------
     0 | D:1      | HopeRidesAlone, the Mummy Monk, began the quest for the Orb.
     0 | D:1      | Reached XP level 1. HP: 18/18 MP: 1/1
   565 | D:1      | Reached XP level 2. HP: 24/24 MP: 2/2
   995 | D:1      | Reached skill level 4 in Unarmed Combat
  1504 | D:2      | Reached XP level 3. HP: 25/29 MP: 3/3
  1853 | D:2      | Reached XP level 4. HP: 22/35 MP: 4/4
  2042 | D:2      | Noticed Terence
  2090 | D:2      | HP: 1/35 [Terence/flail (6)]
  2119 | D:2      | HP: 3/35 [quokka (1)]
  2162 | D:2      | Killed Terence
  2606 | D:2      | Reached skill level 5 in Unarmed Combat
  2729 | D:2      | Reached XP level 5. HP: 17/41 MP: 5/5
  3264 | D:3      | Found a shattered altar of Ashenzari.
  3888 | D:3      | Noticed Sigmund
  3951 | D:3      | Killed from afar by Sigmund

Vanquished Creatures
  Terence (D:2)
  4 gnolls (D:2)
  7 adders
  3 worms
  An ooze (D:1)
  2 orcs (D:3)
  A giant cockroach (D:2)
  10 goblins
  5 hobgoblins
  10 kobolds
  3 quokkas (D:2)
  6 bats
  3 giant geckos
  6 giant newts
  6 rats
  A plant (D:1)
69 creatures vanquished.

Vanquished Creatures (others)
  A bat (D:2)
  A rat (D:2)
2 creatures vanquished.

Grand Total: 71 creatures vanquished
